 Dungeon Crawl Stone Soup version 0.32-a0-38-gb04dd89b9b (webtiles) character file.

Game seed: 260077181339236352

57031 Newt the Markskobold (level 15, -28/86 HPs)
             Began as a Kobold Hunter on Jan 23, 2024.
             Was a High Priest of Hepliaklqana.
             Blown up by an orb spider (85 damage)
             ... with an orb of destruction
             ... on level 3 of the Lair of Beasts on Jan 24, 2024.
             The game lasted 00:28:51 (18743 turns).

Newt the Markskobold (Kobold Hunter)               Turns: 18743, Time: 00:28:51

Health: -28/86     AC: 13    Str:  8      XL:     15   Next: 24%
Magic:  28/28      EV: 33    Int:  9      God:    Hepliaklqana [*****.]
Gold:   891        SH:  0    Dex: 25 (26) Spells: 29/32 levels left

rFire   . . .        C - +6 orcbow
rCold   . . .        (shield currently unavailable)
rNeg    . . .        M - +3 troll leather armour
rPois   .            e - +2 helmet
rElec   .            y - +0 cloak
rCorr   .            B - +0 pair of gloves
SInv    .            m - +1 pair of boots
Will    +....        A - amulet of faith
Stlth   +++++        j - +5 ring of evasion
HPRegen 1.14/turn    V - +5 ring of evasion
MPRegen 0.21/turn

%: faith
@: studying Axes
A: reduced essence, small, no large weapons, nightstalker 3, deterioration 1,
dopey 1
a: Renounce Religion, Recall Ancestor, Ancestor Identity, Transference, Idealise


You were on level 3 of the Lair of Beasts.
You worshipped Hepliaklqana.
Hepliaklqana was extremely pleased with you.
You visited 3 branches of the dungeon, and saw 19 of its levels.
You also visited: Sewer.

You collected 1141 gold pieces.
You spent 250 gold pieces at shops.

Inventory:

Hand Weapons
 a - a +2 shortbow
 C - a +6 orcbow (weapon)
Armour
 c - the +17 plate armour of the Nightingale {Str+6}
   (You found it on level 2 of the Lair of Beasts)

   Str+6:     It affects your strength (+6).
 e - a +2 helmet (worn)
 m - a +1 pair of boots (worn)
 y - a +0 cloak (worn)
 B - a +0 pair of gloves (worn)
 M - a +3 troll leather armour (worn)
 Y - a +4 chain mail of fire resistance
Jewellery
 f - a +6 ring of strength
 j - a +5 ring of evasion (left hand)
 p - a +4 ring of protection
 r - a ring of protection from cold
 z - a ring of resist corrosion
 A - an amulet of faith (around neck)
 N - a ring of wizardry
 V - a +5 ring of evasion (right hand)
Wands
 D - a wand of flame (12)
 H - a wand of iceblast (16)
 L - a wand of paralysis (22)
 P - a wand of polymorph (21)
 W - a wand of acid (5)
 Z - a wand of digging (13)
Scrolls
 b - a scroll of butterflies
 h - a scroll of torment
 u - 5 scrolls of teleportation
 E - a scroll of blinking
 G - 4 scrolls of revelation
 J - a scroll of amnesia
 K - 2 scrolls of fog
 S - 2 scrolls of silence
 U - 2 scrolls of immolation
 X - a scroll of identify
Potions
 d - 4 potions of enlightenment
 g - a potion of mutation
 i - 3 potions of haste
 k - a potion of berserk rage
 l - 2 potions of cancellation
 n - a potion of lignification
 o - 5 potions of curing
 q - 2 potions of invisibility
 s - 5 potions of degeneration
 t - 2 potions of heal wounds
 w - a potion of might
 x - 2 potions of brilliance
 O - 2 potions of magic
 T - 2 potions of ambrosia
Miscellaneous
 R - a phantom mirror


   Skills:
 - Level 12.0 Fighting
 - Level 18.0 Ranged Weapons
 - Level 10.0 Dodging
 - Level 6.0 Stealth
 + Level 9.3 Spellcasting
 + Level 8.8 Necromancy
 - Level 9.0 Invocations
 - Level 10.0 Evocations


You had 29 spell levels left.
You knew the following spells:

 Your Spells              Type           Power      Damage    Failure   Level
a - Fugue of the Fallen   Necr           20%        N/A       1%          3

Your spell library contained the following spells:

 Spells                   Type           Power      Damage    Failure   Level
 Necrotise                Necr           80%        1d8       1%          1
 Sublimation of Blood     Necr           20%        N/A       1%          2
 Cigotuvi's Dreadful Rot  Necr/Alch/Air  18%        N/A       11%         2
 Apportation              Tloc           8%         N/A       24%         1
 Sting                    Conj/Alch      16%        1d4       24%         1
 Summon Small Mammal      Summ           16%        N/A       24%         1
 Call Imp                 Summ           8%         N/A       34%         2
 Ensorcelled Hibernation  Hex/Ice        8%         N/A       34%         2
 Jinxbite                 Hex            8%         N/A       34%         2
 Mercury Vapours          Alch/Air       8%         N/A       34%         2
 Scorch                   Fire           8%         2d5       34%         2
 Anguish                  Hex/Necr       6%         N/A       36%         4
 Mephitic Cloud           Conj/Alch/Air  4%         N/A       56%         3
 Ozocubu's Armour         Ice            4%         N/A       56%         3
 Passwall                 Erth           4%         N/A       56%         3
 Swiftness                Air            4%         N/A       56%         3
 Animate Armour           Summ/Erth      8%         N/A       93%         4
 Cause Fear               Hex            2%         N/A       93%         4
 Flame Wave               Conj/Fire      4%         2d5       93%         4
 Ignite Poison            Fire/Alch      4%         N/A       93%         4
 Manifold Assault         Tloc           4%         N/A       93%         4
 Petrify                  Alch/Erth      4%         N/A       93%         4
 Summon Lightning Spire   Summ/Air       4%         N/A       93%         4
 Alistair's Intoxication  Alch           2%         N/A       100%        5
 Freezing Cloud           Conj/Ice/Air   2%         6-21      100%        5
 Irradiate                Conj/Alch      2%         3d12      100%        5
 Lee's Rapid Deconstruct  Erth           2%         3d4*      100%        5
 Summon Cactus Giant      Summ           2%         N/A       100%        6
 Enfeeble                 Hex            2%         N/A       100%        7
 Summon Hydra             Summ           2%         N/A       100%        7


Dungeon Overview and Level Annotations

Branches:
Dungeon (15/15)            Temple (1/1) D:5            Lair (3/5) D:9
  Swamp (0/4) Lair:2          Orc (0/2) D:9          Vaults (0/5) D:14
 Depths (0/4) D:15          Sewer (visited)
  Snake: Lair:2-3    Spider: Lair:2-3

Altars:
Ashenzari
Cheibriados
Dithmenos
Elyvilon
Fedhas
Gozag
Hepliaklqana
Kikubaaqudgha
Makhleb
Nemelex Xobeh
Okawaru
Qazlal
Ru
Sif Muna
Trog
Uskayaw
Vehumet
Wu Jian
Xom
Yredelemnul
Zin
The Shining One

Shops:
D:5 ?*(:

Annotations:
D:9 1 runed translucent door, DeathSocks's ghost, journeyman MiFi
D:14 2 runed translucent doors


Innate Abilities, Weirdness & Mutations

Your life essence is reduced to manifest your ancestor. (-10% HP)
You are small and have problems with some larger weapons.
You are completely attuned to the shadows.
Your body sometimes deteriorates upon taking damage.
You are dopey. (Int -2)


Message History

The five-headed hydra closely misses you.
The five-headed hydra misses you. x2
The five-headed hydra bites you but does no damage.
You shoot an arrow.
The arrow barely misses the five-headed hydra.
The five-headed hydra closely misses you.
The five-headed hydra bites you!
Your body deteriorates!
You feel weakened.
The five-headed hydra barely misses you.
The five-headed hydra completely misses you.
The five-headed hydra barely misses you.
You shoot an arrow. The arrow hits the five-headed hydra.
The five-headed hydra is heavily wounded.
Shunnar hits the orb spider with a +0 broad axe of flaming.
Shunnar burns the orb spider.
The orb spider weaves a glowing orb of energy.
An orb of destruction comes into view.
Unknown command.
You shoot an arrow. The arrow hits the five-headed hydra.
The five-headed hydra is heavily wounded.
The five-headed hydra bites you but does no damage.
The five-headed hydra completely misses you.
The five-headed hydra misses you.
The five-headed hydra completely misses you.
The five-headed hydra closely misses you.
You shoot an arrow.
The arrow barely misses the five-headed hydra.
Shunnar hits the orb spider with a +0 broad axe of flaming!
Shunnar burns the orb spider.
The orb spider dies!
The five-headed hydra bites you. The five-headed hydra bites you!
The five-headed hydra completely misses you.
The five-headed hydra closely misses you.
The five-headed hydra bites you.
You feel your strength returning.
You shoot an arrow. The arrow hits the five-headed hydra!!!
You kill the five-headed hydra!
The orb of destruction hits you!!!!
Ouch! That really hurt!
You die...

##....###..<..........#
......####............#
#......# #######......#
#.....######## ###...##
##...##.^#...#.# ##...#
#...#..#....^.^ .#...##
#....†^...#......^^...#
#P......#...^.#.#^....##
P #......##.@?.#
#^.....##..
#.#..P.###^○###
###........ ###.....
#.○. #...<.... .!.###
#.≈○R ######..# ..≈...
.# .


You could see the friendly Shunnar the knight.

Vanquished Creatures
  3 hydras
  6 two-headed ogres
  A tengu warrior (D:14)
  5 centaur warriors
  2 boulder beetles
  7 death yaks
  A vampire mage (D:15)
  A skyshark (Lair:2)
  3 skeletal warriors (D:15)
  A goliath frog (Lair:2)
  A storm dragon skeleton (D:15)
  An arcanist (D:15)
  Pikel (D:5)
  A deep elf pyromancer (D:14)
  11 ugly things
  A necromancer (D:15)
  5 cyclopes
  5 manticores
  A shining eye (shapeshifter) (D:14)
  A meliai (D:15)
  A meliai (shapeshifter) (D:15)
  3 black mambas (Lair:2)
  2 gargoyles
  4 cane toads
  2 kobold demonologists
  An unseen horror (D:12)
  A freezing wraith (D:14)
  2 tengu conjurers
  6 komodo dragons
  An efreet (D:15)
  4 trolls
  2 hornets
  2 blink frogs (Lair:3)
  2 shadows
  5 slime creatures
  2 centaur simulacra (D:15)
  A wyvern (D:10)
  21 yaks
  A steam dragon (D:7)
  4 vampire mosquitoes
  9 water moccasins
  3 sky beasts
  2 orc warriors
  2 black bears
  15 wolves
  14 centaurs
  3 lemures (D:5)
  2 phantoms
  4 kobold brigands
  Blork the orc (D:4)
  13 bullfrogs
  A gnoll sergeant (D:7)
  2 necrophages (Sewer)
  A scorpion (D:6)
  A wyvern zombie (D:6)
  10 wights
  3 killer bees (D:9)
  3 howler monkeys
  5 electric eels (D:7)
  2 jellies
  5 orc priests
  4 bombardier beetles
  4 hounds
  Crazy Yiuf (D:5)
  An iguana (D:6)
  7 orc wizards
  3 hell rats (D:9)
  A killer bee zombie (D:6)
  4 gnolls (D:7)
  4 adders
  A river rat (D:9)
  4 shadow imps
  6 ufetubi
  3 ribbon worms (D:2)
  36 orcs
  4 bats
  A bat zombie (Sewer)
  6 endoplasms
  3 giant cockroaches
  16 hobgoblins
  6 jackals
  26 kobolds
  A quokka (D:2)
  14 ball pythons
  3 frilled lizards
  6 goblins
  6 rats
397 creatures vanquished.

Vanquished Creatures (collateral kills)
  A centaur warrior (D:15)
  A two-headed ogre (D:11)
  A tengu warrior (D:14)
  Urug (Lair:1)
  An orb spider (Lair:3)
  2 ugly things
  2 meliai (D:15)
  A gargoyle (D:13)
  An efreet (D:15)
  2 komodo dragons (Lair:1)
  A blink frog (Lair:3)
  A spriggan zombie (D:15)
  A slime creature (D:12)
  4 yaks
  A wraith (D:10)
  2 basilisks (Lair:1)
  3 vampire mosquitoes
  2 water moccasins
  2 orc warriors (D:9)
  6 wolves
  3 centaurs
  2 kobold brigands (D:12)
  A bullfrog (Lair:3)
  A killer bee (D:9)
  An orc wizard (D:8)
  5 orcs
  A kobold (D:12)
50 creatures vanquished.

Vanquished Creatures (others)
  5 knights
5 creatures vanquished.

Grand Total: 452 creatures vanquished

Notes
Turn   | Place    | Note
-------+----------+-------------------------------------------
     0 | D:1      | Newt the Kobold Hunter began the quest for the Orb.
     0 | D:1      | Reached XP level 1. HP: 12/12 MP: 1/1
    65 | D:1      | Reached XP level 2. HP: 18/18 MP: 2/2
   232 | D:1      | Reached XP level 3. HP: 23/23 MP: 3/3
  1088 | D:2      | Found a faded altar of an unknown god.
  1141 | D:2      | Reached XP level 4. HP: 30/30 MP: 4/4
  1896 | D:3      | Noticed a black bear
  1908 | D:3      | Killed a black bear
  1909 | D:3      | Reached skill level 5 in Fighting
  1909 | D:3      | Reached skill level 6 in Ranged Weapons
  1909 | D:3      | Reached XP level 5. HP: 13/35 MP: 5/5
  2055 | D:3      | Found a glowing drain.
  2067 | Sewer    | Entered a sewer
  2135 | Sewer    | Reached skill level 7 in Ranged Weapons
  2165 | Sewer    | Reached XP level 6. HP: 40/40 MP: 6/6
  2250 | Sewer    | Found an ancient bone altar of Kikubaaqudgha.
  2263 | Sewer    | Reached skill level 8 in Ranged Weapons
  2310 | Sewer    | Reached XP level 7. HP: 41/44 MP: 7/7
  2354 | Sewer    | Reached skill level 9 in Ranged Weapons
  2369 | Sewer    | Identified the +1 robe of Sloth {*Corrode Int+3 Stlth+}
  3006 | D:3      | Identified the +10 mace "Jomutt" {freeze, rPois Int+4}
  3382 | D:4      | Found a shadowy altar of Dithmenos.
  3486 | D:4      | Noticed Blork the orc
  3491 | D:4      | Killed Blork the orc
  3492 | D:4      | Reached skill level 5 in Dodging
  3843 | D:4      | Identified the +0 plate armour "Bised" {MP+9}
  3894 | D:4      | Reached XP level 8. HP: 49/49 MP: 8/8
  3897 | D:4      | Identified the +1 quarterstaff of Noaxeer {drain, rPois
                  | Int+5}
  4069 | D:5      | Entered Level 5 of the Dungeon
  4080 | D:5      | Reached skill level 10 in Ranged Weapons
  4485 | D:5      | Reached skill level 11 in Ranged Weapons
  4555 | D:5      | Found a runed translucent door.
  4558 | D:5      | Noticed Crazy Yiuf
  4566 | D:5      | Killed Crazy Yiuf
  4623 | D:5      | Found a sparkling altar of Nemelex Xobeh.
  4831 | D:5      | Found Boughuin's Book Boutique.
  4834 | D:5      | Found Zaffeublo's Weapon Boutique.
  4835 | D:5      | Found Rejuoth's Assorted Antiques.
  4836 | D:5      | Found Togin's Magic Scroll Boutique.
  4844 | D:5      | Bought a scroll of identify for 20 gold pieces
  4844 | D:5      | Bought a scroll of identify for 20 gold pieces
  4844 | D:5      | Bought a scroll of identify for 20 gold pieces
  4844 | D:5      | Bought a scroll of identify for 20 gold pieces
  4844 | D:5      | Bought a scroll of identify for 20 gold pieces
  4853 | D:5      | Bought a triangular silver amulet for 150 gold pieces
  4931 | D:5      | Found a staircase to the Ecumenical Temple.
  4948 | Temple   | Found a transporter.
  4948 | Temple   | Found a transporter.
  4948 | Temple   | Found a transporter.
  4948 | Temple   | Found a transporter.
  4948 | Temple   | Entered the Ecumenical Temple
  4973 | D:5      | Noticed Pikel
  4993 | D:5      | Killed Pikel
  4994 | D:5      | Reached skill level 13 in Ranged Weapons
  4994 | D:5      | Reached XP level 9. HP: 51/54 MP: 9/9
  5518 | D:5      | Found a radiant altar of Vehumet.
  5635 | D:6      | Reached skill level 14 in Ranged Weapons
  5764 | D:6      | Found a blossoming altar of Fedhas.
  5880 | D:6      | Found an iron altar of Okawaru.
  5886 | D:6      | Found a hazy altar of Hepliaklqana.
  5921 | D:6      | Became a worshipper of Hepliaklqana the Forgotten
  6261 | D:7      | Reached XP level 10. HP: 59/59 MP: 10/10
  6280 | D:7      | Reached skill level 10 in Dodging
  6379 | D:7      | Found a burning altar of Makhleb.
  6380 | D:7      | Noticed a cacodemon
  6382 | D:7      | Found a glowing silver altar of Zin.
  6383 | D:7      | Noticed an angel
  7168 | D:7      | Reached * piety under Hepliaklqana
  7479 | D:8      | Reached skill level 5 in Stealth
  8032 | D:8      | Reached XP level 11. HP: 61/61 MP: 11/11
  8235 | D:9      | Noticed a death yak
  8242 | D:9      | Killed a death yak
  8243 | D:9      | Reached skill level 5 in Evocations
  8244 | D:9      | Noticed a death yak
  8245 | D:9      | Found a staircase to the Lair.
  8245 | D:9      | Noticed a death yak
  8259 | D:9      | Killed a death yak
  8274 | D:9      | Killed a death yak
  8275 | D:9      | Reached skill level 15 in Ranged Weapons
  8690 | D:9      | Found a staircase to the Orcish Mines.
  8929 | D:9      | Found a runed translucent door.
  8934 | D:9      | Noticed DeathSocks's ghost (journeyman MiFi)
  8934 | D:9      | Identified the +0 trident of Zomeuqy {antimagic, Str+3
                  | Int+5}
  9068 | D:9      | Reached skill level 16 in Ranged Weapons
  9122 | D:9      | Reached ** piety under Hepliaklqana
  9123 | D:9      | Remembered your ancestor Shunnar as a knight
  9696 | D:10     | Entered Level 10 of the Dungeon
 10322 | D:10     | Found an opulent altar of Gozag.
 10551 | D:10     | Noticed a two-headed ogre
 10557 | D:10     | Killed a two-headed ogre
 10558 | D:10     | Reached skill level 17 in Ranged Weapons
 10759 | D:11     | Noticed a two-headed ogre
 10766 | D:11     | Killed a two-headed ogre
 10767 | D:11     | Reached XP level 12. HP: 65/65 MP: 12/12
 10971 | D:11     | Noticed a two-headed ogre
 10975 | D:11     | Killed a two-headed ogre
 10976 | D:11     | Reached skill level 18 in Ranged Weapons
 10980 | D:11     | Reached *** piety under Hepliaklqana
 11080 | D:11     | Noticed a two-headed ogre
 11088 | D:11     | Killed a two-headed ogre
 11791 | D:12     | Noticed a two-headed ogre
 11797 | D:12     | Killed a two-headed ogre
 11798 | D:12     | Reached skill level 10 in Fighting
 12042 | D:12     | Noticed a two-headed ogre
 12050 | D:12     | Killed a two-headed ogre
 12237 | D:12     | Reached **** piety under Hepliaklqana
 12597 | D:13     | Reached skill level 1 in Invocations
 12598 | D:13     | Noticed a centaur warrior
 12607 | D:13     | Killed a centaur warrior
 12777 | D:13     | Reached XP level 13. HP: 77/77 MP: 16/16
 12861 | D:13     | Found a radiant altar of Vehumet.
 12921 | D:13     | Noticed a centaur warrior
 12927 | D:13     | Killed a centaur warrior
 12928 | D:13     | Reached skill level 5 in Invocations
 13237 | D:13     | Noticed a centaur warrior
 13246 | D:13     | Killed a centaur warrior
 13860 | D:14     | Noticed a four-headed hydra
 13868 | D:14     | Killed a four-headed hydra
 13915 | D:14     | Reached ***** piety under Hepliaklqana
 14050 | D:14     | Found a gate to the Vaults.
 14054 | D:14     | Gained mutation: You are dopey. (Int -2) [a shining eye]
 14058 | D:14     | Gained mutation: Your body sometimes deteriorates upon
                  | taking damage. [a shining eye]
 14200 | D:14     | Found a large runed translucent door.
 14200 | D:14     | Found a large runed translucent door.
 14566 | D:14     | Noticed a centaur warrior
 14572 | D:14     | Killed a centaur warrior
 14625 | D:15     | Entered Level 15 of the Dungeon
 14630 | D:15     | Noticed a centaur warrior
 14838 | D:15     | Reached skill level 10 in Evocations
 14850 | D:15     | Reached skill level 1 in Spellcasting
 14853 | D:15     | Killed a centaur warrior
 14925 | D:15     | Noticed a centaur warrior
 14937 | D:15     | Reached skill level 1 in Necromancy
 14943 | D:15     | Killed a centaur warrior
 14944 | D:15     | Reached XP level 14. HP: 45/82 MP: 20/20
 15136 | D:15     | Found a staircase to the Depths.
 15331 | D:15     | Reached skill level 5 in Spellcasting
 15335 | D:15     | Learned a level 3 spell: Fugue of the Fallen
 15378 | D:15     | HP: 2/82 [meliai/divine providence (9)]
 15503 | D:15     | Reached skill level 5 in Necromancy
 16515 | Lair:1   | Entered Level 1 of the Lair of Beasts
 16570 | D:9      | HP: 3/82 [death yak (13)]
 16792 | Lair:1   | Noticed Urug
 16796 | Lair:1   | Killed Urug
 17671 | Lair:2   | Identified the +1 leather armour of Kicifot {Rampage}
 17753 | Lair:2   | Identified the +17 plate armour of the Nightingale {Str+6}
 17884 | Lair:2   | Reached XP level 15. HP: 40/86 MP: 27/27
 18257 | Lair:2   | Found a staircase to the Swamp.
 18743 | Lair:3   | Blown up by an orb spider

Illustrated notes

Levels and vault maps discovered:
D:1:      psy_arrival_statuary, layout_rooms, minmay_hedge_maze
D:2:      layout_basic, basic_ecumenical_altar, minmay_octomino_c4
D:3:      layout_basic, cheibrodos_sewer_entry_drain
D:4:      layout_loops_ring, nicolae_dithmenos_the_darkroom, minivault_26,
          serial_library_hellmonk_junction, uniq_blork_the_orc
D:5:      layout_basic, temple_fountains, hangedman_feature_mirror,
          minmay_shop_grid_forest, minmay_manual_mares, uniq_crazy_yiuf_cottage,
          uniq_pikel
D:6:      layout_rooms, fedhas_altar_decomposition, okawaru_metal_pillars_1_2,
          nicolae_hepliaklqana_hazy_memory, water_maze_lemuel
D:7:      layout_loops_cross, grunt_temple_overflow_order_and_chaos_2,
          hangedman_decor_peaks_small, chequers_big_river
D:8:      layout_rooms, serial_park_tiny_pond
D:9:      layout_loops_corners, dpeg_lair_monsters, david_orc_2,
          ebering_ghost_funeral_grove
D:10:     layout_basic, nicolae_overflow_crystal_walls, minivault_26
D:11:     layout_basic
D:12:     layout_loops_cross
D:13:     layout_long_grid, fiery_altar_vehumet
D:14:     doesnt_quadruple_sword, layout_basic,
          hellmonk_vaults_attempted_burglary, hangedman_decor_growths
D:15:     gammafunk_depths_entry_grave, layout_small_grid
Temple:   hellmonk_temple_divided_pantheon
Lair:1:   layout_roguey, beast_lair_carwin_3, grunt_megastairs_1, uniq_urug
Lair:2:   layout_loops_ring, mainiacjoe_swamp_entry_lozenge_pond
Lair:3:   layout_cave_pods, nicolae_spider_entry_orb_guardian, minivault_24

Skill      XL: |  1  2  3  4  5  6  7  8  9 10 11 12 13 14 15 |
---------------+----------------------------------------------+-----
Fighting       | 3 4 5 8 12 | 12.0
Ranged Weapons | 6 7 8 9 13 14 17 18 | 18.0
Dodging        | 5 9 10 | 10.0
Stealth        | 6 |  6.0
Evocations     | 3 6 10 | 10.0
Invocations    | 4 9 |  9.0
Spellcasting   | 3 8 9 |  9.3
Necromancy     | 2 7 8 |  8.8

Action                     |  1- 3 |  4- 6 |  7- 9 | 10-12 | 13-15 || total
---------------------------+-------+-------+-------+-------+-------++-------
   Fire: Shortbow          |    99 |   126 |   200 |       |       ||   425
         Orcbow            |       |       |    89 |   503 |   708 ||  1300
   Cast: Fugue of the Fall |       |       |       |       |     9 ||     9
 Invoke: Ancestor Life: Kn |       |       |       |     1 |       ||     1
         Recall Ancestor   |       |       |       |       |     5 ||     5
         Idealise          |       |       |       |       |     2 ||     2
  Evoke: Phantom mirror    |       |       |       |       |     1 ||     1
    Use: Scroll            |     5 |     3 |    13 |    10 |     6 ||    37
         Potion            |       |       |     2 |       |     4 ||     6
 Armour: Leather armour    |    12 |    49 |    79 |    27 |       ||   167
         Steam dragon scal |       |       |       |    33 |       ||    33
         Troll leather arm |       |       |       |    18 |   143 ||   161
  Dodge: Dodged            |    36 |    78 |   135 |   173 |   463 ||   885

Table legend: (Time is in decaauts)
 A = Elapsed time spent in this place.
 B = Non-inter-level travel time spent in this place.
 C = Inter-level travel time spent in this place.
 D = Time resting spent in this place.
 E = Time spent auto-exploring this place.
 F = Levels seen in this place.
 G = Mean time per level.
                   A        B        C        D        E       F      G
               +--------+--------+--------+--------+--------+-----+--------+
         Total |  18493 |  17767 |    726 |   2386 |  12754 |  20 |  924.7 |
       Dungeon |  15976 |  15303 |    673 |   2368 |  10802 |  15 | 1065.1 |
        Temple |      1 |      0 |      1 |      0 |      0 |   1 |    1.0 |
          Lair |   1992 |   1941 |     51 |     18 |   1564 |   3 |  664.0 |
         Sewer |    522 |    522 |      0 |      0 |    387 |   1 |  522.0 |
               +--------+--------+--------+--------+--------+-----+--------+

Top non-repeatable levels by time:
     D:9: 1655 daAuts
     D:2: 1454 daAuts
    D:14: 1284 daAuts
    D:13: 1284 daAuts
     D:5: 1270 daAuts
    D:15: 1237 daAuts
     D:7: 1156 daAuts
     D:4: 1057 daAuts
    D:10: 1030 daAuts
    D:11: 1020 daAuts
  Lair:2: 957 daAuts
  Lair:1: 940 daAuts
    D:12: 779 daAuts
     D:8: 771 daAuts
     D:1: 687 daAuts
